 Dungeon Crawl Stone Soup version 0.30-a0-1016-gfb0d676c02 (webtiles) character file.

Game seed: 3026553450615063852

53 hwolsky the Firebug (level 3, -2/26 HPs)
             Began as a Demigod Fire Elementalist on Apr 6, 2023.
             Slain by a gnoll
             ... wielding a +0 club
              (3 damage)
             ... on level 2 of the Dungeon.
             The game lasted 00:07:11 (1375 turns).

hwolsky the Firebug (Demigod Fire Elementalist)     Turns: 1375, Time: 00:07:12

Health: -2/26      AC:  3    Str:  9    XL:     3   Next: 41%
Magic:  4/8        EV: 12    Int: 21    God:
Gold:   49         SH:  0    Dex: 14    Spells: 3/6 levels left

rFire   . . .      SeeInvis .    i - +2 dagger (drain)
rCold   . . .      Faith    .    (no shield)
rNeg    . . .      Spirit   .    g - +0 leather armour
rPois   .          Reflect  .    (no helmet)
rElec   .          Rampage  .    (no cloak)
rCorr   .                        (no gloves)
Will    .....                    (no boots)
Stlth   ++                       (no amulet)
HPRegen 0.24/turn                (no ring)
MPRegen 0.11/turn                (no ring)

@: no status effects
A: high MP 1, forlorn, divine attributes
a: no special abilities


You were on level 2 of the Dungeon.
You visited 1 branch of the dungeon, and saw 2 of its levels.

You collected 49 gold pieces.

Inventory:

Hand Weapons
 f - a +0 short sword
 i - a +2 dagger of draining (weapon)
Missiles
 c - 4 poisoned darts
 d - 20 stones
Armour
 a - a +0 robe
 g - a +0 leather armour (worn)
Potions
 h - a potion of attraction {unknown}


   Skills:
 + Level 2.2 Dodging
 + Level 2.3 Stealth
 + Level 2.2 Spellcasting
 + Level 1.5 Conjurations
 + Level 3.0 Fire Magic


You had 3 spell levels left.
You knew the following spells:

 Your Spells              Type           Power      Damage    Failure   Level
a - Foxfire               Conj/Fire      48%        2x1d6     8%          1
b - Scorch                Fire           30%        2d6       9%          2

Your spell library contained the following spells:

 Spells                   Type           Power      Damage    Failure   Level
 Inner Flame              Hex/Fire       8%         N/A       32%         3
 Volatile Blastmotes      Fire/Tloc      16%        2d11      32%         3
 Flame Wave               Conj/Fire      12%        2d6       61%         4


Dungeon Overview and Level Annotations

Branches:
Dungeon (2/15)


Innate Abilities, Weirdness & Mutations

You have an increased reservoir of magic. (+10% MP)
You shall have no god before yourself.
Your divine heritage dramatically boosts your attributes as you level up.


Message History

The foxfire hits the gnoll.
The gnoll is moderately wounded.
The gnoll hits you with a +0 club. The gnoll barely misses you.
The gnoll hits you but does no damage.
Casting: Foxfire (safe; 9% risk of failure)
Confirm with . or Enter, or press ? or * to list all spells.
You conjure some foxfire!
The foxfire hits the gnoll.
The gnoll is severely wounded.
The foxfire hits the gnoll.
You kill the gnoll!
The foxfire hits the bat.
The bat is heavily wounded.
The bat closely misses you. The gnoll misses you.
The gnoll hits you with a +0 club.
Casting: Foxfire (safe; 8% risk of failure)
Confirm with . or Enter, or press ? or * to list all spells.
You conjure some foxfire!
The foxfire hits the bat.
The bat is severely wounded.
The bat hits you but does no damage. The gnoll hits you with a +0 club.
* * * LOW HITPOINT WARNING * * *
The gnoll closely misses you.
You feel better.
The foxfire hits the gnoll but does no damage.
The gnoll is moderately wounded.
The foxfire hits the gnoll.
The gnoll is heavily wounded.
The bat hits you but does no damage. The gnoll hits you with a +0 whip.
The gnoll closely misses you.
You hit the bat but do no damage. You drain the bat.
You kill the bat!
The gnoll hits you with a +0 whip.
* * * LOW HITPOINT WARNING * * *
The gnoll drinks a potion.
The gnoll is healed!
Casting: Foxfire (safe; 8% risk of failure)
Confirm with . or Enter, or press ? or * to list all spells.
You conjure some foxfire!
The gnoll closely misses you. The gnoll hits you with a +0 whip.
* * * LOW HITPOINT WARNING * * *
The gnoll attacks as you move away! The gnoll hits you with a +0 club.
You die...

#....# #.# #...# #...##
#.# ##.# #...# #.# .#
#.#.## #.# ###.##
##)#..# #.##......
##.##.# #.#.......
#..##.# #.........
#..##.# #..g......
#..##.# #v@)<.....
......# #v#g......
#†.#..#########.##...#..
#..#.........#..####.#
...###.#####.....# .#
...###.# ###.#..... .#
.#..##.# #.#####.. .
.#.....# #.# .#.##..##
#.#


You could see 2 gnolls.

Vanquished Creatures
  2 gnolls (D:2)
  7 bats
  2 endoplasms (D:1)
  3 giant cockroaches
  2 hobgoblins (D:1)
  5 ball pythons
  A frilled lizard (D:2)
  3 goblins
  4 kobolds (D:1)
  3 rats (D:1)
32 creatures vanquished.

Vanquished Creatures (others)
  44 foxfires
44 creatures vanquished.

Grand Total: 76 creatures vanquished

Notes
Turn   | Place    | Note
-------+----------+-------------------------------------------
     0 | D:1      | hwolsky the Demigod Fire Elementalist began the quest for
                  | the Orb.
     0 | D:1      | Reached XP level 1. HP: 14/14 MP: 5/5
   109 | D:1      | Reached skill level 1 in Conjurations
   497 | D:1      | Reached XP level 2. HP: 20/20 MP: 1/7
   857 | D:1      | Learned a level 2 spell: Scorch
  1367 | D:2      | Reached skill level 3 in Fire Magic
  1367 | D:2      | Reached XP level 3. HP: 26/26 MP: 1/8
  1374 | D:2      | HP: 1/26 [gnoll/+0 whip (6)]
  1375 | D:2      | Slain by a gnoll

Illustrated notes

Levels and vault maps discovered:
D:1:      moated_graveyard_arrival, layout_basic,
          chequers_ecumenical_altar_simple
D:2:      layout_rooms, uniq_crazy_yiuf_cottage

Skill      XL: |  1  2 |
---------------+-------+-----
Conjurations   | 1 |  1.5
Stealth        | 2 |  2.3
Dodging        | 2 |  2.2
Spellcasting   | 2 |  2.2
Fire Magic     | 3 |  3.0

Action                     || total
---------------------------++-------
  Melee: Unarmed           ||    25
         Short sword       ||     9
         Dagger            ||     1
   Cast: Foxfire           ||    33
         Scorch            ||    12
    Use: Scroll            ||     6
         Potion            ||     3
 Armour: Robe              ||    11
         Leather armour    ||     7
  Dodge: Dodged            ||    44

Table legend: (Time is in decaauts)
 A = Elapsed time spent in this place.
 B = Non-inter-level travel time spent in this place.
 C = Inter-level travel time spent in this place.
 D = Time resting spent in this place.
 E = Time spent auto-exploring this place.
 F = Levels seen in this place.
 G = Mean time per level.
                   A        B        C        D        E       F      G
               +--------+--------+--------+--------+--------+-----+--------+
         Total |   1373 |   1333 |     40 |     95 |    801 |   2 |  686.5 |
       Dungeon |   1373 |   1333 |     40 |     95 |    801 |   2 |  686.5 |
               +--------+--------+--------+--------+--------+-----+--------+

Top non-repeatable levels by time:
     D:1: 1094 daAuts
     D:2: 279 daAuts
